 Dungeon Crawl Stone Soup version 0.28-a0-1190-g77e1c55843 (webtiles) character file.

Game seed: 6896358916834711098

210 ChaosChampion the Magician (level 5, -5/28 HPs)
             Began as a Deep Elf Conjurer on Dec 18, 2021.
             Killed from afar by an orc wizard (8 damage)
             ... with a magic dart
             ... on level 4 of the Dungeon.
             The game lasted 00:02:55 (3099 turns).

ChaosChampion the Magician (Deep Elf Conjurer)      Turns: 3099, Time: 00:02:55

Health: -5/28      AC:  2    Str:  4    XL:     5   Next: 56%
Magic:  16/16      EV: 13    Int: 25    God:
Gold:   191        SH:  0    Dex: 19    Spells: 14/17 levels left

rFire   . . .      SeeInvis .   n - staff of poison
rCold   . . .      Faith    .   (no shield)
rNeg    . . .      Spirit   .   a - +0 robe
rPois   +          Reflect  .   (no helmet)
rElec   .          Harm     .   (no cloak)
rCorr   .          Rampage  .   (no gloves)
Will    .....                   (no boots)
Stlth   ++........              b - amulet of magic regeneration
HPRegen 0.09/turn               f - +6 ring of dexterity
MPRegen 0.55/turn               (no ring)

@: no status effects
A: no striking features
a: no special abilities


You were on level 4 of the Dungeon.
You visited 1 branch of the dungeon, and saw 4 of its levels.

You collected 191 gold pieces.

Inventory:

Armour
 a - a +0 robe (worn)
Magical Staves
 n - a staff of poison (weapon)
Jewellery
 b - an amulet of magic regeneration (around neck)
 f - a +6 ring of dexterity (left hand)
Scrolls
 d - 2 scrolls of identify {unknown}
 h - a scroll of blinking {unknown}
 i - a scroll of amnesia {unknown}
 j - a scroll of fear {unknown}
 l - a scroll of noise {unknown}
 m - a scroll of summoning {unknown}
 o - a scroll of fog {unknown}
Potions
 c - 2 potions of curing {unknown}
 e - a potion of brilliance {unknown}
 g - a potion of invisibility {unknown}
 k - a potion of mutation {unknown}


   Skills:
 - Level 2.4 Dodging
 - Level 2.4 Stealth
 * Level 6.7 Spellcasting
 + Level 5.6 Conjurations


You had 14 spell levels left.
You knew the following spells:

 Your Spells              Type           Power      Damage    Failure   Level
a - Magic Dart            Conj           100%       1d8       1%          1
b - Searing Ray           Conj           72%        2d7       1%          2

Your spell library contained the following spells:

 Spells                   Type           Power      Damage    Failure   Level
 Summon Small Mammal      Summ           32%        N/A       7%          1
 Dazzling Flash           Conj/Hex       44%        N/A       7%          3
 Call Canine Familiar     Summ           8%         N/A       21%         3
 Ozocubu's Armour         Ice            8%         N/A       21%         3
 Summon Guardian Golem    Hex/Summ       8%         N/A       21%         3
 Fulminant Prism          Conj/Hex       11%        3d9       22%         4
 Iskenderun's Mystic Bla  Conj/Tloc      22%        2d6       22%         4
 Metabolic Englaciation   Hex/Ice        4%         N/A       88%         5
 Simulacrum               Ice/Necr       4%         N/A       100%        6


Dungeon Overview and Level Annotations

Branches:
Dungeon (4/15)
 Temple: D:4-7

Altars:


Message History

The orc wizard is almost dead.
The orc wizard casts a spell at you.
You are confused.
The orc wizard mumbles some strange words.
The orc wizard flickers and vanishes!
Deactivating autopickup; reactivate with Ctrl-A.
You're too confused to cast spells.
You hear some strange, mumbled words.
You are more confused.
Things that are here:
a +0 dagger; a +0 scale mail; an orc corpse You're too confused to cast spells.
You bump into the rock wall.
Something hits you but does no damage.
You hear some strange, mumbled words.
A puff of flame appears from out of thin air!
The puff of flame hits you!
You hear some strange, mumbled words.
You are more confused.
Something barely misses you.
You hear some strange, mumbled words.
A puff of flame appears from out of thin air!
The puff of flame misses you. Something hits you. Something hits you.
Something hits you. Something hits you.
You bump into the rock wall.
Something hits you.
* * * LOW HITPOINT WARNING * * *
You bump into the rock wall.
You hear some strange, mumbled words.
Something tries to affect you, but you resist.
You feel less confused.
A magic dart appears from out of thin air!
The magic dart hits you.
* * * LOW HITPOINT WARNING * * *
Found an escape hatch in the ceiling.
A magic dart appears from out of thin air!
The magic dart hits you!
You die...

#.# ##...###.# #
#.###.###.##.###
#######.##.## ##......
..).....#.######..##..
#oo.........##..
#{#.######..##..
###.##.# #......
#.....#.# #.#)..##
#@###.##...#.....#
........#
...#.........
#.....#.# ##.###.....#
#.###.#.< ### ##.....
# ... #####. #### #.
#. #. #.


You could see an orc.

Vanquished Creatures
  2 hounds
  An orc wizard (D:3)
  4 adders
  A worm (D:2)
  2 dart slugs
  7 orcs
  3 endoplasms
  3 giant cockroaches
  5 goblins
  6 hobgoblins
  8 kobolds
  4 quokkas
  8 ball pythons
  7 bats
  2 frilled lizards
  A quokka skeleton (D:4)
  9 rats
73 creatures vanquished.

Notes
Turn   | Place    | Note
-------+----------+-------------------------------------------
     0 | D:1      | ChaosChampion the Deep Elf Conjurer began the quest for the
                  | Orb.
     0 | D:1      | Reached XP level 1. HP: 10/10 MP: 6/6
   340 | D:1      | Reached XP level 2. HP: 15/15 MP: 3/8
   461 | D:1      | Learned a level 2 spell: Searing Ray
   539 | D:1      | Reached skill level 4 in Spellcasting
   734 | D:1      | Reached XP level 3. HP: 19/19 MP: 6/10
   776 | D:1      | Found a faded altar of an unknown god.
  1353 | D:2      | Reached skill level 5 in Spellcasting
  1353 | D:2      | Reached skill level 5 in Conjurations
  1584 | D:2      | Reached XP level 4. HP: 24/24 MP: 10/13
  1945 | D:3      | HP: 1/24 [orc (5)]
  2444 | D:3      | Reached skill level 6 in Spellcasting
  2444 | D:3      | Reached XP level 5. HP: 28/28 MP: 9/15
  3099 | D:4      | Killed from afar by an orc wizard

Illustrated notes

Levels and vault maps discovered:
D:1:      scummos_arrival_gate, layout_basic, shapermc_ecumenical_altar_gd
D:2:      minmay_wonky_spiral, layout_basic
D:3:      layout_loops_cross
D:4:      layout_loops_ring, uniq_grinder

Skill      XL: |  1  2  3  4 |
---------------+-------------+-----
Spellcasting   | 4 5 6 |  6.7
Conjurations   | 5 |  5.6
Dodging        | |  2.4
Stealth        | |  2.4

Action                   |  1- 3 |  4- 6 || total
-------------------------+-------+-------++-------
 Cast: Magic Dart        |    66 |    57 ||   123
       Searing Ray       |     4 |    13 ||    17
Armor: Robe              |     2 |     2 ||     4
Dodge: Dodged            |     6 |    12 ||    18

Table legend: (Time is in decaauts)
 A = Elapsed time spent in this place.
 B = Non-inter-level travel time spent in this place.
 C = Inter-level travel time spent in this place.
 D = Time resting spent in this place.
 E = Time spent auto-exploring this place.
 F = Levels seen in this place.
 G = Mean time per level.
                   A        B        C        D        E       F      G
               +--------+--------+--------+--------+--------+-----+--------+
         Total |   3097 |   2996 |    101 |      0 |   2578 |   4 |  774.2 |
       Dungeon |   3097 |   2996 |    101 |      0 |   2578 |   4 |  774.2 |
               +--------+--------+--------+--------+--------+-----+--------+

Top non-repeatable levels by time:
     D:3: 1104 daAuts
     D:1: 1019 daAuts
     D:2: 830 daAuts
     D:4: 143 daAuts
